[Event "*** SCC Grand Prix: Titled Tuesday Blitz"]
[Site "Chess.com"]
[Date "2020.06.23"]
[Round "4"]
[White "Sviridov_Valery"]
[Black "gilbert_gm"]
[Result "1-0"]
[WhiteElo "2844"]
[BlackElo "2656"]
[TimeControl "180+1"]
[EndTime "10:40:58 PDT"]
[Termination "Sviridov_Valery won on time"]

1. Nf3 d5 2. g3 c6 3. Bg2 Nf6 4. O-O Bg4 5. d4 Nbd7 6. Nbd2 e6 7. Re1 Be7 8. e4 dxe4 9. Nxe4 Nxe4 10. Rxe4 Nf6 11.
Re1 O-O 12. c3 a5 13. Qb3 Bxf3 14. Bxf3 Qd7 15. a4 h6 16. h4 Nd5 17. Bd2 Rfb8 18. Kg2 b5 19. axb5 cxb5 20. Qc2 a4 21. Qd3 Rb7 22. Re5 Bf6 23. Re2 Rc8 24. Ree1 Rbb8 25.
Bd1 Qc6 26. Kg1 Nb6 27. Bc2 Kf8 28. Qh7 Nd5 29. Be4 Ke7 30. Bg2 Rh8 31. Qd3 Rhd8 32.
Re2 Kf8 33. Qh7 Ke7 34. Rae1 Rh8 35. Qd3 Rhd8 36. Bh3 Kf8 37. Qh7 Ke7 38. Bxh6 Rh8 39. Qf5 g6 40. Qg4 Rb6 41. Bd2 Kd7 42. Bg2 Ke7 43.
Qf3 Rd8 44. h5 gxh5 45. Qxh5 Qd6 46. Qh7 Ke8 47. Bf3 Qf8 48. Bh5 Qg7 49. Rxe6+ Rxe6 50. Rxe6+ Kd7 51. Qxg7 Bxg7 52. Ra6 Nc7 53. Ra7 Ra8 54.
Rxa8 Nxa8 55. Bxf7 Nb6 56. Kf1 Ke7 57. Ba2 Nc4 58.
Bxc4 bxc4 59. g4 Ke6 60. f4 Kd5 61. Kg2 Ke4 62. f5 Bf8 63. Bc1 Be7 64. Kg3 Bd8 65.
Kf2 Bh4+ 66. Ke2 Be7 67. Bh6 Bd8 68. Bg7 Kf4 69. f6 1-0

[Event "*** SCC Grand Prix: Titled Tuesday Blitz"]
[Site "Chess.com"]
[Date "2020.06.23"]
[Round "4"]
[White "CalinGheorghiu"]
[Black "MVM2008"]
[Result "1-0"]
[WhiteElo "2379"]
[BlackElo "1971"]
[TimeControl "180+1"]
[EndTime "10:40:59 PDT"]
[Termination "CalinGheorghiu won by checkmate"]

1. d4 Nf6 2. c4 g6 3. f3 Bg7 4.
e4 d6 5. Nc3 O-O 6. Be3 e5 7. Nge2 c6 8. Qd2 Qa5 9. d5 b5 10. g4 b4 11. Nd1 Bxg4 12. fxg4 Nxe4 13. Qd3 f5 14. gxf5 gxf5 15. Rg1 Kh8 16. Nf2 Na6 17.
Nxe4 fxe4 18. Qxe4 Nc5 19. Bxc5 b3+ 20. Nc3 Qxc5 21.
Rg2 Rf4 22. Qd3 Raf8 23. O-O-O bxa2 24. Nxa2 e4 25. Qg3 Bh6 26. Qc3+ R4f6+ 27. Kb1 Bg7 28. dxc6 R6f7 29. Qc2 Rb8 30. Nc3 Qxc6 31. Qxe4 Qxe4+ 32. Nxe4 Rfb7 33. Rdd2 Re8 34. Nxd6 Re1+ 35. Ka2 Rb6 36. Bd3 Ra6+ 37. Kb3 Rxd6 38. c5 Rd8 39. Kc4 Rc8 40. Bc2 Rc1 41. Kd5 Bxb2 42. c6 Bg7 43. Kd6 Re1 44. Kd7 Ree8 45. c7 Bf6 46. Bb3 Bg7 47.
Rc2 Rf8 48. Rc6 Rce8 49. Re6 Rc8 50. Rge2 Rf7+ 51. Re7 Rff8 52. Re8 Bf6 53. Rxf8+ Rxf8 54. Re8 Rxe8 55. Kxe8 Kg7 56. c8=Q Kg6 57. Qd7 Kg5 58. Qd3 Kg4 59. Bd5 Kg5 60. Qf3 Be5 61. Be4 Bf4 62. Qg2+ Kf6 63. Qg4 Ke5 64. Qf5+ Kd4 65. Qxf4 Kc5 66.
Bxh7 Kb6 67. h4 a5 68. h5 a4 69. Bb1 a3 70. Ba2 Ka5 71. h6 Ka6 72. h7 Ka7 73.
h8=Q Ka8 74. Qa4+ Kb7 75. Qh1+ Kc8 76. Qhc6+ Kb8 77. Qaa8# 1-0

[Event "*** SCC Grand Prix: Titled Tuesday Blitz"]
[Site "Chess.com"]
[Date "2020.06.23"]
[Round "4"]
[White "ChessWarrior7197"]
[Black "ValentinDragnev"]
[Result "0-1"]
[WhiteElo "2903"]
[BlackElo "2735"]
[TimeControl "180+1"]
[EndTime "10:41:02 PDT"]
[Termination "ValentinDragnev won on time"]

1. e4 e5 2. Nf3 Nc6 3. Bb5 a6 4.
Ba4 Nf6 5. O-O Be7 6. Re1 b5 7. Bb3 d6 8. c3 O-O 9. h3 Nb8 10. d4 Nbd7 11. c4 c6 12. Nc3 b4 13. Na4 c5 14. d5 Ne8 15. Bc2 g6 16. a3 a5 17.
b3 Ng7 18. Nb2 Bb7 19. Bh6 Qc7 20. Ra2 Nf6 21. Qd2 Kh8 22. Rea1 Ng8 23. Be3 f5 24. Bg5 f4 25. axb4 axb4 26. Bd1 Bxg5 27. Nxg5 Qe7 28.
Nf3 Nf6 29. Bc2 h6 30. Nh2 g5 31. Ng4 h5 32. Nxf6 Qxf6 33. f3 g4 34. hxg4 Rxa2 35. Rxa2 hxg4 36. fxg4 Bc8 37. Bd1 Qg6 38. Qe2 Kh7 39.
Nd3 Ne8 40. Nf2 Nf6 41. Ra7+ Kh8 42. Qf3 Nh7 43. Qh3 Kg8 44. Qh5 Qxh5 45. gxh5 Ng5 46. h6 Rf7 47. Ra8 Rf8 48. Rb8 Kh7 49. Rb6 Rf6 50.
Bg4 Bxg4 51. Nxg4 Rg6 52. Rb7+ Kh8 53. Nf2 Nf3+ 54. Kf1 Nd2+ 55. Ke2 Nxb3 56. Nd3 Rxg2+ 57. Kf1 Rg6 58. Rb6 Kh7 59. Nxe5 dxe5 60. d6 Nd4 61. d7 Rg8 62. Rb7 Rd8 63. Rc7 Kxh6 64. Rxc5 Rxd7 65. Rxe5 b3 66. Rb5 f3 0-1

[Event "*** SCC Grand Prix: Titled Tuesday Blitz"]
[Site "Chess.com"]
[Date "2020.06.23"]
[Round "4"]
[White "Harsha_Bharathakoti"]
[Black "LiemLe"]
[Result "1-0"]
[WhiteElo "2823"]
[BlackElo "2995"]
[TimeControl "180+1"]
[EndTime "10:41:06 PDT"]
[Termination "Harsha_Bharathakoti won by checkmate"]

1. d4 Nf6 2. c4 e6 3. Nf3 d5 4. Nc3 Bb4 5. cxd5 exd5 6. Bf4 O-O 7. Rc1 c6 8. e3 Bf5 9. Bd3 Bxd3 10. Qxd3 Bd6 11. Bxd6 Qxd6 12. O-O Nbd7 13. h3 Nb6 14.
Ne5 Nfd7 15. Nxd7 Qxd7 16. Ne2 Rfe8 17. Nf4 Nc4 18. b3 Nd6 19. Qd1 Qf5 20. Qg4 a5 21.
Qxf5 Nxf5 22. Nd3 Kf8 23. g4 Nd6 24. a4 g6 25. Rfe1 Re7 26. f3 f6 27. Kf2 Kf7 28.
Nf4 g5 29. Nd3 h5 30. Nc5 Rh8 31. Kg2 Rhe8 32. Kf2 Kg6 33. Re2 Rh8 34. Rg1 hxg4 35. hxg4 Reh7 36. Ke1 Rh3 37. Rf2 Kf7 38. Ke2 Re8 39. Kd2 Ke7 40. Nd3 Reh8 41. Ke2 b6 42. Rc1 Kd7 43. Rg1 Ne8 44. Kd2 Nc7 45. Rb1 Ne6 46. Ke2 c5 47. dxc5 bxc5 48. Rd1 Kc6 49.
Rc1 Rb8 50. Rc3 Kd6 51. Nc1 d4 52. Rd3 Rh1 53. Rf1 Rh2+ 54. Rf2 Rh1 55. Rf1 Rxf1 56.
Kxf1 Ke5 57. Ne2 Rb4 58. Kf2 Kd6 59. Ng3 Ke5 60. Ne4 c4 61. exd4+ Nxd4 62. bxc4 Rxc4 63. Re3 Kf4 64. Nd2 Nc2 65. Nxc4 Nxe3 66. Nxe3 Ke5 67. Nc4+ Kd4 68. Nxa5 Kc5 69. Nb3+ Kb4 70. a5 Kb5 71. Ke3 f5 72. gxf5 Ka6 73. f6 Kb5 74. f7 g4 75.
f8=Q gxf3 76. Qc5+ Ka4 77. Nd4 f2 78. Qc4+ Ka3 79.
Qb3# 1-0

[Event "*** SCC Grand Prix: Titled Tuesday Blitz"]
[Site "Chess.com"]
[Date "2020.06.23"]
[Round "4"]
[White "PlayChessSimple"]
[Black "alexrustemov"]
[Result "1-0"]
[WhiteElo "2538"]
[BlackElo "2731"]
[TimeControl "180+1"]
[EndTime "10:41:07 PDT"]
[Termination "PlayChessSimple won by checkmate"]

1. e4 e6 2. d4 d5 3. e5 c5 4. c3 Qb6 5. Nf3 Bd7 6. Bd3 cxd4 7. Nxd4 Bc5 8. O-O Bxd4 9. cxd4 Qxd4 10. Nc3 Qxe5 11.
Re1 Qd6 12. Qg4 Kf8 13. Bf4 Qb6 14. Qg3 Nc6 15. Bd6+ Nce7 16. Rac1 Rc8 17. b4 h5 18. Bc5 Qd8 19. Nb5 Bxb5 20. Bxb5 h4 21. Qe5 b6 22.
Bd4 Nf6 23. Ba6 Rxc1 24. Rxc1 Rh5 25. Qe2 Rh6 26. Be5 Kg8 27. Bc7 Qd7 28. Bb5 Qc8 29.
Bf4 Qd8 30. Bxh6 gxh6 31. Qe5 Kg7 32. Qc7 Qf8 33. Qxa7 Nf5 34. Bd3 Qxb4 35. Bxf5 exf5 36. Qc7 h3 37. Qg3+ Kh7 38. Qxh3 Kg6 39. Qg3+ Kh7 40. a3 Qe4 41. Qe3 d4 42. Qxe4 fxe4 43. Kf1 d3 44.
Rc6 Nd5 45. Rd6 Nf4 46. g3 Ne2 47. Rxb6 Nd4 48. Rb2 f5 49. a4 f4 50. gxf4 Nc6 51. Ke1 Kg7 52. Kd2 Na5 53. Rb5 Nc4+ 54. Kd1 Kg6 55.
a5 Na3 56. Rc5 Kf6 57. a6 Nc2 58. a7 e3 59. fxe3 Nxe3+ 60. Kd2 Nf1+ 61. Kxd3 Nxh2 62. a8=Q Ng4 63. Qc6+ Kg7 64. Rb5 Nf6 65. Rb7+ Kg6 66. Qg2+ Kf5 67. Rb5+ Ke6 68. Qh3+ Kf7 69. Qf5 Kg7 70.
Rb7+ Kg8 71. Qxf6 h5 72. Qg7# 1-0

[Event "*** SCC Grand Prix: Titled Tuesday Blitz"]
[Site "Chess.com"]
[Date "2020.06.23"]
[Round "4"]
[White "1f3_2g41-0"]
[Black "aNaartjieZA"]
[Result "0-1"]
[WhiteElo "2242"]
[BlackElo "2576"]
[TimeControl "180+1"]
[EndTime "10:41:07 PDT"]
[Termination "aNaartjieZA won by resignation"]

1. e4 e6 2. d4 d5 3. Nc3 Bb4 4. exd5 exd5 5. Bd3 Nc6 6. Nf3 Bg4 7. O-O Nge7 8. Be3 a6 9. a3 Bd6 10. h3 Bh5 11. Re1 Qd7 12. b4 Bg6 13. b5 axb5 14.
Bxb5 O-O 15. Ne5 Bxe5 16. dxe5 Qe6 17. Bf4 Rad8 18. Ne2 d4 19. Bh2 Qd5 20. Ba4 Qc5 21. Nf4 Nxe5 22. Rxe5 Qxe5 23. Nxg6 Qf6 24. Nxf8 Kxf8 25.
Bb3 c6 26. Qd3 Nd5 27. Bxd5 Rxd5 28. Re1 g6 29. a4 Kg7 30. Qe4 Qf5 31. Be5+ f6 32.
Qxf5 gxf5 33. Bf4 b5 34. Re7+ Kg6 35. axb5 Rxb5 36. h4 Rc5 37. Re2 Rc4 38. Rd2 d3 39. cxd3 Rxf4 40. g3 Rd4 41. Kg2 f4 42. Kf3 fxg3 43.
fxg3 h5 44. Ke3 c5 45. Rc2 Rd5 46. Ke4 Re5+ 47. Kf4 Kf7 48. Rc4 Ke6 49. Re4 Rxe4+ 50. Kxe4 f5+ 51. Kf4 Kf6 52. Kf3 Ke5 53. Ke3 Kd5 54.
Kf4 Kd4 55. Kxf5 Kxd3 56. Kg5 c4 57. Kxh5 c3 58. Kg6 c2 59. h5 c1=Q 60. h6 Qc8 61. Kg7 Qd7+ 62. Kg8 Qe8+ 63. Kg7 Qe7+ 64. Kg8 Qg5+ 65.
Kh7 Qxg3 66. Kh8 Qb8+ 67. Kg7 Qc7+ 68. Kh8 Qd8+ 69. Kg7 Qg5+ 70. Kh7 Ke4 71. Kh8 Qxh6+ 0-1

[Event "*** SCC Grand Prix: Titled Tuesday Blitz"]
[Site "Chess.com"]
[Date "2020.06.23"]
[Round "4"]
[White "tsvet2005"]
[Black "JozefKneht"]
[Result "0-1"]
[WhiteElo "2630"]
[BlackElo "2456"]
[TimeControl "180+1"]
[EndTime "10:41:07 PDT"]
[Termination "JozefKneht won by resignation"]

1. d4 d5 2. c4 e6 3. Nc3 Nf6 4. cxd5 exd5 5. Bg5 Be7 6. e3 O-O 7. Bd3 c6 8. Qc2 Nbd7 9. Nge2 Re8 10. O-O Nf8 11. Rad1 Be6 12. f3 Rc8 13. e4 dxe4 14.
fxe4 Ng4 15. Bxe7 Qxe7 16. Qc1 c5 17. d5 Bd7 18. Kh1 Ng6 19. b3 Qh4 20. h3 Nf2+ 21. Rxf2 Qxf2 22. Rf1 Qh4 23. Qe3 a6 24.
a4 Qe7 25. Ng3 Ne5 26. Be2 c4 27. bxc4 Nxc4 28. Qf4 Ne5 29. Nd1 b5 30. axb5 axb5 31. Ne3 g6 32. Qh6 f6 33. Qh4 Rf8 34. Qf4 b4 35. d6 Qxd6 36. Nd5 Kg7 37. h4 Bc6 38. Ne3 Kh8 39. h5 b3 40. hxg6 hxg6 41. Nc4 Qe7 42. Ne3 Rf7 43. Kg1 Kg8 44. Kf2 Bb7 45. Rh1 Rc3 46. Ngf5 gxf5 47. Nxf5 Qc5+ 48. Ne3 Rg7 49. Qh6 Rxe3 50. Qh8+ Kf7 51. Bh5+ Ng6 52. Bxg6+ Rxg6 53. Rh7+ Ke6 54. Qe8+ Kd6 55. Qe7+ Kc6 56. Qxb7+ Kd6 57. Qd7+ Ke5 58. Qf5+ Kd4 59. Rd7+ Kc4 60. Qxc5+ Kxc5 61. Kxe3 Rxg2 62. Rb7 b2 63. Kf4 Kc4 64. Kf5 Rf2+ 65. Ke6 Kc3 66. Rc7+ Kd2 67. Rd7+ Kc1 68. Rc7+ Rc2 69.
Rb7 Rc6+ 70. Kd5 Ra6 71. Rc7+ Kb1 72. Rb7 Ka1 73. e5 fxe5 74. Rxb2 0-1

[Event "*** SCC Grand Prix: Titled Tuesday Blitz"]
[Site "Chess.com"]
[Date "2020.06.23"]
[Round "4"]
[White "arvielozano"]
[Black "andriipalchuk"]
[Result "0-1"]
[WhiteElo "1747"]
[BlackElo "2368"]
[TimeControl "180+1"]
[EndTime "10:41:08 PDT"]
[Termination "andriipalchuk won by checkmate"]

1. Nf3 c6 2. g3 d5 3. Bg2 Nf6 4. O-O Bg4 5. d3 Nbd7 6. h3 Bh5 7. Nbd2 e5 8. e4 Bd6 9. g4 Bg6 10. Nh4 O-O 11. Nf5 Nc5 12. Qe2 Ne6 13. Nf3 Re8 14.
N3h4 Bc5 15. c3 a5 16. a3 a4 17. Kh1 Qc7 18. Bd2 Rad8 19. Rad1 b5 20. Bc1 dxe4 21. dxe4 Bf8 22. Be3 Nd7 23. Ng3 f6 24.
Nh5 Bf7 25. Qf3 Nb6 26. Nf5 Nc4 27. Bc1 Rxd1 28. Rxd1 Rd8 29. Re1 Qd7 30. Bh6 Bxh5 31. gxh5 gxh6 32. Qg3+ Kh8 33. Rg1 Bc5 34. Bf3 Ng5 35.
Nxh6 Bf8 36. Nf5 Qf7 37. h4 Nxf3 38. Qxf3 Nd2 39. Qg4 Nc4 40. h6 Nd6 41. Ne3 Bxh6 42. Nf5 Nxf5 43. Qxf5 Bg7 44. h5 Qd7 45. Qf3 h6 46.
Kh2 Qe7 47. Rg6 Qf7 48. Qg4 Qf8 49. Qf5 Re8 50. Qd7 Re7 51. Qxc6 f5 52. exf5 Qxf5 53.
Qa8+ Kh7 54. Qg2 Qxh5+ 55. Kg1 Qxg6 56. Qxg6+ Kxg6 57. f3 Kf5 58. Kf2 h5 59. Ke3 h4 60. f4 e4 61. c4 bxc4 62. b3 cxb3 63. Kf2 h3 64. Kg1 b2 65. Kh2 b1=Q 66. Kxh3 Qh1+ 67. Kg3 Qf3+ 68. Kh2 Rc7 69. Kg1 Rc1+ 70. Kh2 Rh1# 0-1

[Event "*** SCC Grand Prix: Titled Tuesday Blitz"]
[Site "Chess.com"]
[Date "2020.06.23"]
[Round "4"]
[White "Nathan_Filgueiras"]
[Black "Karateloru"]
[Result "0-1"]
[WhiteElo "2408"]
[BlackElo "2620"]
[TimeControl "180+1"]
[EndTime "10:41:10 PDT"]
[Termination "Karateloru won by resignation"]

1. e4 c5 2. Nf3 e6 3. d4 cxd4 4. Nxd4 Bc5 5. Nb3 Bb6 6. Nc3 Ne7 7. Bd3 O-O 8. O-O f5 9. a4 Nbc6 10. Bg5 h6 11. Bxe7 Nxe7 12. a5 Bc7 13. Qe2 fxe4 14. Nxe4 Nf5 15. Rad1 d5 16. Nec5 Qd6 17. g3 b6 18. Na6 Bxa6 19. Bxa6 bxa5 20. Rfe1 Rae8 21. Bb5 Re7 22. c4 Nh4 23. Nd4 a6 24. Ba4 Nf5 25.
Nxf5 Rxf5 26. cxd5 Rxd5 27. Bb3 Rxd1 28. Rxd1 Qc6 29.
Qc4 Qxc4 30. Bxc4 Bb6 31. Bxa6 Rc7 32. Bd3 Kf7 33. Kf1 Kf6 34. Ke2 e5 35. Rb1 Bd4 36. b4 a4 37. Rd1 a3 38. Bb1 Rc3 39. Rd2 Rb3 40. Ba2 Rxb4 41. Rc2 Ke7 42. f3 g5 43. Rd2 h5 44. Rc2 Kd6 45. Rd2 Rb8 46. Rc2 h4 47. Kd3 h3 48. Ke4 Rf8 49. Rd2 Kc5 50.
Rc2+ Kb4 51. Rc4+ Kb5 52. Rc2 Bg1 53. Rd2 Kb4 54. Rc2 Bd4 55. Rc4+ Ka5 56. Rc2 Kb6 57.
Rd2 Kc5 58. Rc2+ Kd6 59. Rd2 Ke7 60. Rc2 Rb8 61. f4 gxf4 62. gxf4 Rb5 63. fxe5 Bxe5 64.
Kf3 Rb4 65. Re2 Kf6 66. Rc2 Rf4+ 67. Ke3 Rf1 68. Ke4 Re1+ 69. Kf3 Kf5 70. Re2 Rh1 71. Rd2 Bxh2 72. Re2 Be5 73. Rd2 h2 74. Kg2 Rg1+ 75. Kf3 0-1

[Event "*** SCC Grand Prix: Titled Tuesday Blitz"]
[Site "Chess.com"]
[Date "2020.06.23"]
[Round "4"]
[White "chito89"]
[Black "Chigorinetz"]
[Result "1/2-1/2"]
[WhiteElo "2753"]
[BlackElo "2534"]
[TimeControl "180+1"]
[EndTime "10:41:12 PDT"]
[Termination "Game drawn by repetition"]

1. c4 Nc6 2. Nc3 Nf6 3. Nf3 e5 4. e3 Bb4 5. Qc2 O-O 6. Nd5 d6 7. a3 Bc5 8. b4 Bb6 9. Ng5 g6 10. Nxf6+ Qxf6 11. Ne4 Qh4 12. g3 Qe7 13. Bg2 Bf5 14.
Bb2 a5 15. b5 Nb8 16. h3 Nd7 17. g4 Bxe4 18. Bxe4 Nc5 19. Bg2 a4 20. O-O f5 21. d4 Nb3 22. Rad1 e4 23. f3 exf3 24. Rxf3 fxg4 25. Rg3 gxh3 26. Bd5+ Kg7 27. c5 Qh4 28. Qh2 Rf5 29. Bxb7 Raf8 30. cxb6 cxb6 31. Qxh3 Qe7 32. Bg2 Rf2 33. d5+ Kg8 34. Bc3 Rc2 35. e4 Nc5 36.
e5 dxe5 37. d6 Qd7 38. Qxd7 Nxd7 39. Bc6 Rd8 40. Bb4 Kg7 41. Re3 Kf6 42. Rf1+ Ke6 43. Rd3 Nc5 44. Bd5+ Kxd6 45. Bxc5+ Kxc5 46. Rfd1 e4 47. Bxe4 Rxd3 48. Rxd3 Rc1+ 49. Kf2 Kxb5 50. Ke3 Kc5 51.
Rd5+ Kc4 52. Rd7 Rc3+ 53. Kd2 Rxa3 54. Rxh7 Kb4 55. Bxg6 b5 56. Bd3 Rb3 57. Rh4+ Ka3 58. Rh5 Rb2+ 59. Ke3 b4 60. Ra5 Kb3 61. Kd4 Rd2 62.
Rd5 a3 63. Ke3 Rxd3+ 64. Rxd3+ Kc2 65. Rd2+ Kc3 66. Rd3+ Kc2 67. Rd2+ Kc3 68. Rd3+ Kc2 1/2-1/2

[Event "*** SCC Grand Prix: Titled Tuesday Blitz"]
[Site "Chess.com"]
[Date "2020.06.23"]
[Round "4"]
[White "Chess_Boxer123"]
[Black "Balla_Tamas"]
[Result "1-0"]
[WhiteElo "2734"]
[BlackElo "2515"]
[TimeControl "180+1"]
[EndTime "10:41:13 PDT"]
[Termination "Chess_Boxer123 won by resignation"]

1. d4 f5 2. Bf4 Nf6 3. e3 b6 4. h3 Bb7 5. Nf3 d6 6. Nbd2 e6 7. Bd3 Nbd7 8. Qe2 Ne4 9. c3 Ndf6 10.
Rg1 g6 11. g4 Bg7 12. Bb5+ c6 13. Bc4 Qe7 14. O-O-O O-O-O 15. Kb1 Nxd2+ 16. Nxd2 e5 17. Bh2 Ne4 18. gxf5 Nxd2+ 19. Qxd2 gxf5 20. d5 Rhf8 21. dxc6 Bxc6 22. Bd5 Bxd5 23. Qxd5 Rd7 24. Qa8+ Kc7 25.
Qxa7+ Kc6 26. Qa4+ Kb7 27. Qb5 Qe6 28. Qd5+ Qxd5 29. Rxd5 Kc6 30. c4 Rf6 31. Bxe5 Rg6 32. Rxg6 hxg6 33. Bxg7 Rxg7 34. Rd4 g5 35. h4 g4 36. Rf4 Rh7 37. Rxf5 Rxh4 38. Rf4 Rh2 39. b4 Rg2 40. a4 Kd7 41. Kc1 Rg1+ 42. Kc2 Rg2 43. Kc3 Rg1 44. a5 bxa5 45. bxa5 Kc6 46. Rf5 g3 47. fxg3 Rxg3 48. Kd4 Rg1 49. Ke4 Rc1 50.
Kd3 Rd1+ 51. Kc2 Re1 52. Kd2 Ra1 53. Rd5 Ra4 54. Kc3 Ra3+ 55. Kd4 Ra1 56. Rh5 Rd1+ 57. Kc3 Rc1+ 58. Kd3 Ra1 59. e4 Ra3+ 60. Kd4 Ra1 61. e5 Rd1+ 62. Kc3 dxe5 63. Rxe5 Kb7 64. Rd5 Rh1 65. Kb4 Rb1+ 66. Kc5 Ra1 67. Kd6 Rh1 68. Rb5+ Ka6 69. Rb2 Rd1+ 70. Kc6 Kxa5 71. c5 Rc1 72. Kd6 Ka6 73. c6 Rd1+ 74. Kc7 Rc1 75. Kd7 Rd1+ 76.
Kc8 Rd2 77. Rxd2 Kb6 78. c7 Kc5 79. Kd8 1-0

[Event "*** SCC Grand Prix: Titled Tuesday Blitz"]
[Site "Chess.com"]
[Date "2020.06.23"]
[Round "4"]
[White "FedaMaster"]
[Black "1977Ivan"]
[Result "1-0"]
[WhiteElo "2489"]
[BlackElo "2657"]
[TimeControl "180+1"]
[EndTime "10:41:13 PDT"]
[Termination "FedaMaster won on time"]

1. e4 c5 2. Nf3 e6 3. d4 cxd4 4. c3 dxc3 5. Nxc3 Nc6 6. Bc4 Bb4 7. Qc2 Nge7 8. O-O O-O 9. Rd1 Ng6 10. Bg5 Be7 11. Bxe7 Qxe7 12. Nb5 a6 13. Nd6 b5 14.
Be2 Ra7 15. Qc5 Qd8 16. Rac1 Bb7 17. Qe3 Ba8 18. Rxc6 Bxc6 19. Qxa7 Qa5 20. a3 Nf4 21. Qe3 Nxe2+ 22. Qxe2 b4 23. Qd2 Rb8 24. Qf4 Rf8 25.
Qe5 Qa4 26. Qd4 bxa3 27. bxa3 Qxa3 28. Ne5 Qa4 29. Nxc6 Qxc6 30. e5 a5 31. h3 a4 32.
Ra1 f6 33. Qxa4 Qxa4 34. Rxa4 fxe5 35. Ra7 Rd8 36. Nb7 Rc8 37. Nd6 Rd8 38. Ne4 Kf8 39. Nd6 Ke7 40. Nc4 Rc8 41. Nxe5 Rc1+ 42. Kh2 Kd6 43.
Nf7+ Ke7 44. Ng5 e5 45. Ne4 Ke6 46. Ra6+ Kd5 47. Nd6 Kd4 48. f3 Rc2 49. Nb5+ Ke3 50. Nd6 Kf4 51. Ra4+ Ke3 52. Nf5+ Kf2 53. Nxg7 d5 54. Rg4 d4 55. Re4 d3 56. Rxe5 Re2 57. Rd5 d2 58. Nf5 Ke1 59. Ng3 Re3 60. Rd4 d1=Q 61. Rxd1+ Kxd1 62. Nf5 Re5 63. g4 Ke2 64. f4 Rb5 65. Kg3 Rb3+ 66. Kh4 Ra3 67. Ng7 Kf3 68. f5 Kg2 69. f6 Rxh3+ 70. Kg5 Rf3 71. Nf5 Ra3 72.
f7 Ra8 73. Nd6 Rf8 74. Kf6 Kg3 75. g5 1-0

[Event "*** SCC Grand Prix: Titled Tuesday Blitz"]
[Site "Chess.com"]
[Date "2020.06.23"]
[Round "4"]
[White "Orange_Ghost"]
[Black "GeorgMeier"]
[Result "0-1"]
[WhiteElo "2755"]
[BlackElo "2914"]
[TimeControl "180+1"]
[EndTime "10:41:14 PDT"]
[Termination "GeorgMeier won by resignation"]

1. d4 e6 2. c4 Nf6 3. Nc3 Bb4 4. Qc2 O-O 5. Nf3 c5 6. dxc5 Na6 7. g3 Nxc5 8. Bg2 b6 9. O-O Bb7 10. Nb5 Be4 11. Qd1 Nb7 12. a3 Be7 13. Bf4 Rc8 14.
Rc1 a6 15. Nc3 Bc6 16. b4 a5 17. Qb3 Nd6 18. Bxd6 Bxd6 19. Rfd1 Qe7 20. Na2 axb4 21.
axb4 Ra8 22. Qb2 Ra4 23. b5 Bb7 24. Qb3 Rfa8 25. Nc3 Ra3 26. Qc2 Bb4 27. Nb1 Be4 28. Qb2 Ra2 29. Qb3 Bc5 30. Nc3 R2a3 31. Qb2 Bb7 32.
e3 h6 33. Qd2 Bb4 34. Qb2 Qc5 35. Nd2 Bxg2 36. Kxg2 d5 37. Kg1 R3a7 38. cxd5 Ba3 39. Qb3 Bxc1 40. Rxc1 Nxd5 41. Nde4 Qc7 42. Ne2 Qd7 43. Nd4 Rc7 44. Nc6 Ne7 45. Rd1 Nd5 46. Nc3 Rxc6 47. bxc6 Qxc6 48. Nxd5 exd5 49. Qxd5 Qxd5 50.
Rxd5 Rb8 51. Rb5 Kf8 52. Kf1 Ke7 53. Ke2 Kd6 54. Kd3 Kc6 55. Re5 Rb7 56. Re8 Ra7 57.
Rg8 Rd7+ 58. Kc3 f6 59. h4 Kd5 60. Kd3 Ke5+ 61. Ke2 Rb7 62. Rc8 b5 63. Rc2 b4 64.
Rb2 g5 65. hxg5 fxg5 66. Kd3 h5 67. f3 b3 68. Ke2 h4 69. gxh4 gxh4 70. Kf2 Kd5 71.
Kg2 Kc4 72. Kh3 Kc3 73. Rb1 Rf7 74. f4 Re7 75. Re1 Kd2 76. Rb1 Kc2 77. Kxh4 Kxb1 0-1

[Event "*** SCC Grand Prix: Titled Tuesday Blitz"]
[Site "Chess.com"]
[Date "2020.06.23"]
[Round "4"]
[White "SARGISMV"]
[Black "Muracle"]
[Result "0-1"]
[WhiteElo "2439"]
[BlackElo "2604"]
[TimeControl "180+1"]
[EndTime "10:41:14 PDT"]
[Termination "Muracle won on time"]

1. Nf3 g6 2. c4 Nf6 3. Nc3 d5 4. cxd5 Nxd5 5. Qa4+ Nc6 6. Ne5 Qd6 7. Nxc6 Qxc6 8.
Qxc6+ bxc6 9. g3 Nb4 10. Rb1 Bf5 11. d3 Bg7 12. Bg2 Rb8 13. O-O Nxd3 14. Bxc6+ Kd8 15. Rd1 Kc8 16. e4 Nxc1 17. Rdxc1 Bxc3 18. Rxc3 Bd7 19. Bxd7+ Kxd7 20. Rd1+ Kc8 21. Rdc1 Rb7 22. b4 Rd8 23. a3 Rd4 24. f3 Kd7 25. Kf2 a5 26. bxa5 Ra7 27.
Ke3 Ra4 28. Rd1+ Kc8 29. Rd5 R4xa5 30. Rxa5 Rxa5 31. Kd4 Kd7 32. Kc4 Kc6 33. Kb4+ Kb6 34. a4 c5+ 35. Kb3 Ra7 36. Rd3 Kc6 37. Rd8 h5 38.
Rc8+ Kd6 39. f4 Rb7+ 40. Kc3 Rb4 41. e5+ Kd7 42. Ra8 Re4 43. a5 Ra4 44. Ra7+ Ke6 45. Rc7 Rxa5 46. Kc4 Ra2 47. Rc6+ Kd7 48. Rb6 Rxh2 49.
Kxc5 Rc2+ 50. Kd5 Rd2+ 51. Ke4 Rc2 52. Rb7+ Rc7 53. Rb8 Ke6 54. Rf8 Rc4+ 55. Kf3 f6 56. exf6 exf6 57. Ra8 Rc5 58. Ra6+ Kf5 59. Ra3 Rb5 60.
Rc3 Rd5 61. Rb3 Rc5 62. Ra3 Rb5 63. Rc3 g5 64. fxg5 fxg5 65. Rd3 Re5 66. Kg2 Re4 0-1

[Event "*** SCC Grand Prix: Titled Tuesday Blitz"]
[Site "Chess.com"]
[Date "2020.06.23"]
[Round "4"]
[White "floplover"]
[Black "QueenOfTactics90"]
[Result "1-0"]
[WhiteElo "2220"]
[BlackElo "1932"]
[TimeControl "180+1"]
[EndTime "10:41:16 PDT"]
[Termination "floplover won on time"]

1. d4 Nf6 2. c4 e6 3. Nc3 d5 4. Nf3 c5 5. cxd5 exd5 6. g3 Nc6 7. Bg2 h6 8. O-O Be6 9. Bf4 Bd6 10. Bxd6 Qxd6 11.
Nb5 Qe7 12. dxc5 O-O 13. Rc1 Ne4 14. Nfd4 Nxc5 15. Nxc6 bxc6 16. Nd4 Bd7 17. Qc2 Ne6 18. Nxc6 Bxc6 19. Qxc6 Nd4 20. Qc7 Nxe2+ 21. Kh1 Qb4 22.
Bxd5 Nxc1 23. Bxa8 Rxa8 24. Qxc1 Re8 25. Qc2 Qb7+ 26.
Kg1 Rc8 27. Qd3 Qxb2 28. a4 Rc1 29. Qd8+ Kh7 30. Qd3+ g6 31. Qe4 Rxf1+ 32. Kxf1 Qa1+ 33. Kg2 Qa2 34. h4 Qe6 35. Qd4 Qc6+ 36. Kh2 a6 37.
Qf4 Qd7 38. Qe4 Qa7 39. Kg2 Kg7 40. h5 g5 41. Qe5+ f6 42. Qf5 Qf7 43. g4 Qb7+ 44. Kh2 Qc7+ 45. Kg2 Qb7+ 46. Kh2 Qf7 47. Qe4 Qc7+ 48.
Kg2 Qf7 49. f3 Qa7 50. Qd3 Qe7 51. Kh3 Qb7 52. Qg6+ Kf8 53. Qxf6+ Ke8 54. Qe5+ Kd8 55. Qh8+ Kc7 56. Qh7+ Kb6 57. Qxh6+ Ka5 58. Qxg5+ Kxa4 59. Qf4+ Kb3 60. h6 Qh7 61. Kg3 a5 62. g5 a4 63. Qe3+ Kb2 64. Qe2+ Kb3 65. Qb5+ Ka3 66. f4 Qg6 67. Kg4 Qe6+ 68. Kh4 1-0

[Event "*** SCC Grand Prix: Titled Tuesday Blitz"]
[Site "Chess.com"]
[Date "2020.06.23"]
[Round "4"]
[White "Phriex"]
[Black "chessplayer9919"]
[Result "1-0"]
[WhiteElo "2395"]
[BlackElo "2531"]
[TimeControl "180+1"]
[EndTime "10:41:18 PDT"]
[Termination "Phriex won on time"]

1. d4 Nf6 2. c4 c5 3. d5 b5 4. cxb5 a6 5. b6 d6 6. Nc3 Nbd7 7. Nf3 g6 8. e4 Bg7 9. Be2 O-O 10. O-O Nxb6 11. a4 a5 12. h3 Ba6 13. Bxa6 Rxa6 14. Qe2 Ra8 15. Bf4 Nbd7 16. e5 dxe5 17. Nxe5 Nh5 18. Bh2 Nxe5 19. Bxe5 Bxe5 20. Qxe5 Qd6 21. Rfe1 Rae8 22. Nb5 Qd7 23. Rac1 Rc8 24. Red1 Rfd8 25. Qe3 Nf6 26. Rxc5 Rxc5 27. Qxc5 Nxd5 28. Nc3 e6 29. Nxd5 exd5 30. Qxa5 d4 31. Rd3 Qd6 32. b3 Rc8 33. Qd2 Qe5 34. Rxd4 Kg7 35. g3 h5 36. Rd5 Qa1+ 37.
Kg2 Kh7 38. Qd4 Qb1 39. Rd8 Rxd8 40. Qxd8 Qxb3 41. Qd4 Qb7+ 42. Kh2 Qa6 43. h4 Kg8 44. Kg2 Qb7+ 45. f3 Qa6 46. g4 Qe2+ 47. Kg3 Qe1+ 48. Kf4 Qxh4 49. a5 hxg4 50. fxg4 Qh2+ 51. Kf3 Qa2 52. Qd8+ Kg7 53. Qd4+ Kg8 54. Qb6 Qa3+ 55. Ke4 Qa4+ 56. Kd5 Qa2+ 57. Kc6 Qa4+ 58. Kb7 Qd7+ 59.
Qc7 Qb5+ 60. Ka7 Kg7 61. a6 Qb4 62. Qe5+ f6 63. Qc7+ Kh6 64. Ka8 Qf8+ 65. Qb8 Qa3 66.
a7 Kg5 67. Kb7 Qb4+ 68. Kc8 Qc5+ 69. Qc7 Qf8+ 70. Kb7 Qb4+ 71. Ka6 Qe4 72. Qc5+ Kh4 73. Qc8 1-0

[Event "*** SCC Grand Prix: Titled Tuesday Blitz"]
[Site "Chess.com"]
[Date "2020.06.23"]
[Round "4"]
[White "nikitakhoroshev"]
[Black "NodariousBIG"]
[Result "0-1"]
[WhiteElo "2474"]
[BlackElo "2674"]
[TimeControl "180+1"]
[EndTime "10:41:19 PDT"]
[Termination "NodariousBIG won by resignation"]

1. d4 d5 2. c4 e6 3. Nc3 Be7 4. Nf3 Nf6 5. Bg5 O-O 6. e3 h6 7. Bh4 Ne4 8. Bxe7 Qxe7 9. Rc1 Rd8 10. Bd3 Nxc3 11. Rxc3 dxc4 12. Rxc4 b6 13. O-O Ba6 14. Rc1 Bxd3 15. Qxd3 c5 16. Qa3 Nd7 17. Rfd1 Qf8 18. dxc5 Nxc5 19. Ne5 Rxd1+ 20. Rxd1 a5 21. Qc3 Rc8 22.
h3 f6 23. Nd3 Qd6 24. Rc1 Kh7 25. Nf4 e5 26. Qc2+ e4 27. Rd1 Qe5 28. Rd4 Ne6 29.
Qxc8 Nxd4 30. Qg4 Nf5 31. Qg6+ Kg8 32. g4 Nh4 33. Qh5 Nf3+ 34. Kg2 Qxh5 35. gxh5 Ne5 36. Nd5 b5 37. Nc3 b4 38. Nxe4 Nd3 39. b3 Nc1 40.
Nc5 Nxa2 41. Kf3 Nc3 42. e4 Kf7 43. Ke3 Ke7 44. Kd3 Nd1 45. Ke2 Nc3+ 46. Kd3 Kd6 47. Nb7+ Ke5 48. Nxa5 Nxe4 49. Nc6+ Kf4 50. Nxb4 Nxf2+ 51.
Kd4 Nxh3 52. Nd5+ Kf5 53. b4 Ng5 54. Kc5 Ke5 55. Nc7 Ne4+ 56. Kc6 f5 57. b5 f4 58. b6 Nd6 59. Ne8 f3 60. Nxd6 f2 61.
b7 f1=Q 62. b8=Q Qc1+ 63. Kd7 Kf6 64. Qf8+ Kg5 65. Qxg7+ Kxh5 66. Ne8 Qd2+ 67. Ke7 Qb4+ 68. Nd6 Qe1+ 69. Kf6 Qc3+ 70. Kf7 Qf3+ 71. Ke6 Qb3+ 72. Kf6 Qc3+ 73. Kf7 Qc7+ 74. Kg8 Qxd6 75. Qf7+ Qg6+ 0-1